 Dungeon Crawl Stone Soup version 0.28-a0-793-g31680bbd8b (webtiles) character file.

Game seed: 1532406187832924132

1127 Glokmah the Magician (level 8, -1/45 HPs)
             Began as a Deep Elf Artificer on Nov 5, 2021.
             Was a Follower of Vehumet.
             Slain by a wyvern zombie (10 damage)
             ... on level 6 of the Dungeon.
             The game lasted 00:24:51 (11201 turns).

Glokmah the Magician (Deep Elf Artificer)          Turns: 11201, Time: 00:24:51

Health: -1/45      AC:  8    Str: 11    XL:     8   Next: 13%
Magic:  12/19      EV: 13    Int: 17    God:    Vehumet [*.....]
Gold:   438        SH:  0    Dex: 15    Spells: 15/19 levels left

rFire   . . .      SeeInvis .   a - +1 dagger (elec)
rCold   . . .      Faith    .   (no shield)
rNeg    + . .      Spirit   .   p - +0 leather armour
rPois   +          Reflect  .   f - +2 helmet
rElec   .          Harm     .   q - +1 cloak
rCorr   .          Rampage  .   (no gloves)
Will    .....                   (no boots)
Stlth   ++........              (no amulet)
HPRegen 0.15/turn               t - ring of poison resistance
MPRegen 0.16/turn               F - ring of positive energy

@: very slightly contaminated
A: no striking features
a: Renounce Religion


You were on level 6 of the Dungeon.
You worshipped Vehumet.
Vehumet was aware of your devotion.
You visited 1 branch of the dungeon, and saw 6 of its levels.
You also visited: Ossuary.

You collected 438 gold pieces.

Inventory:

Hand Weapons
 a - a +1 dagger of electrocution (weapon)
 b - a +0 hunting sling of flaming
 C - a +0 dagger of venom
Missiles
 h - 133 stones (quivered)
 v - 3 atropa-tipped darts
 y - 12 poisoned darts
Armour
 f - a +2 helmet (worn)
 p - a +0 leather armour (worn)
 q - a +1 cloak (worn)
 E - a +0 buckler
Jewellery
 t - a ring of poison resistance (left hand)
 u - a ring of see invisible
 F - a ring of positive energy (right hand)
Wands
 d - a wand of charming (8)
 i - a wand of iceblast (5)
 D - a wand of mindburst (9)
Scrolls
 c - 2 scrolls of vulnerability
 j - a scroll of fear {unknown}
 l - a scroll of amnesia {unknown}
 m - a scroll of brand weapon
 n - 2 scrolls of identify {unknown}
 o - 2 scrolls of teleportation
 r - a scroll of magic mapping
 z - 3 scrolls of enchant armour {unknown}
Potions
 g - 2 potions of curing
 k - 2 potions of ambrosia {unknown}
 s - a potion of cancellation {unknown}
 w - 2 potions of resistance {unknown}
 x - 2 potions of lignification
 A - a potion of berserk rage {unknown}
 B - 2 potions of brilliance {unknown}
 G - a potion of mutation {unknown}
Miscellaneous
 e - a piece from Xom's chessboard (7/15)


   Skills:
 + Level 2.9 Fighting
 * Level 2.7 Short Blades
 - Level 0.7 Armour
 - Level 5.0 Dodging
 - Level 3.9 Stealth
 * Level 6.0 Spellcasting
 * Level 2.5 Conjurations
 + Level 0.0 Summonings
 + Level 1.4 Air Magic
 - Level 5.2 Evocations


You had 15 spell levels left.
You knew the following spells:

 Your Spells              Type           Power      Damage    Failure   Level
a - Shock                 Conj/Air       44%        1d5       8%          1
b - Call Canine Familiar  Summ           5%         N/A       45%         3

Your spell library contained the following spells:

 Spells                   Type           Power      Damage    Failure   Level
 Portal Projectile        Hex/Tloc       10%        N/A       45%         3
 Leda's Liquefaction      Hex/Erth       2%         N/A       86%         4


Dungeon Overview and Level Annotations

Branches:
Dungeon (6/15)             Temple (0/1) D:6         Ossuary (visited)

Altars:
Gozag
Nemelex Xobeh
Ru
Vehumet


Message History

The wyvern zombie is severely damaged.
The zap hits the wyvern zombie.
The wyvern zombie is severely damaged.
The wyvern zombie bites you!
* * * LOW HITPOINT WARNING * * *
Casting: Shock (safe; 8% risk of failure)
Confirm with . or Enter, or press ? or * to list all spells.
Aiming: Shock (safe; 8% risk of failure)
Press: ? - help, Shift-Dir - straight line The zap hits the wyvern zombie.
The wyvern zombie is severely damaged.
The zap hits the wyvern zombie.
The wyvern zombie is severely damaged.
The wyvern zombie barely misses you. x2
Casting: Shock (safe; 8% risk of failure)
Confirm with . or Enter, or press ? or * to list all spells.
Aiming: Shock (safe; 8% risk of failure)
Press: ? - help, Shift-Dir - straight line The zap hits the wyvern zombie.
The wyvern zombie is severely damaged.
The zap misses the wyvern zombie.
The wyvern zombie bites you but does no damage.
Unknown command.
Casting: Shock (safe; 8% risk of failure)
Confirm with . or Enter, or press ? or * to list all spells.
Aiming: Shock (safe; 8% risk of failure)
Press: ? - help, Shift-Dir - straight line The zap hits the wyvern zombie.
The wyvern zombie is almost destroyed.
The zap hits the wyvern zombie.
The wyvern zombie is almost destroyed.
The wyvern zombie bites you but does no damage.
Casting: Shock (safe; 8% risk of failure)
Confirm with . or Enter, or press ? or * to list all spells.
Aiming: Shock (safe; 8% risk of failure)
Press: ? - help, Shift-Dir - straight line You miscast Shock.
You are very lightly contaminated with residual magic.
Nothing appears to happen.
The wyvern zombie bites you!
You die...

### #.. #.#
#.####+### #
#.##.....#
###.##.⌠.⌠.### ###
##...'..>..'.###@##
##..##.⌠.⌠.#)##.#Z##
##...#.....#...###.##
#....###+###..## ##.#
......# ......# #.##
##..### #.#####.#.#
##..# # #.# #....
...# ##+### .## #


You could see a wyvern zombie.

Vanquished Creatures
  Sigmund (D:4)
  A sky beast (D:5)
  An ogre (D:4)
  A gnoll sergeant (D:6)
  A scorpion (D:5)
  A bullfrog zombie (D:5)
  A hound (D:5)
  A jelly (D:6)
  2 bullfrog skeletons
  An iguana (D:4)
  An orc wizard (D:6)
  8 mummies (Ossuary)
  Robin (D:2)
  A howler monkey skeleton (D:5)
  11 gnolls
  7 adders
  A shadow imp (D:5)
  An ufetubus (D:5)
  2 dart slugs (D:2)
  9 orcs
  5 bats
  4 endoplasms
  A giant cockroach (D:2)
  12 goblins
  13 hobgoblins
  2 jackals (D:4)
  5 ball pythons
  A frilled lizard (D:1)
  3 gnoll zombies (Ossuary)
  2 hobgoblin zombies (Ossuary)
  5 kobolds
  A kobold zombie (Ossuary)
  2 orc zombies (Ossuary)
  3 rats
112 creatures vanquished.

Vanquished Creatures (collateral kills)
  2 endoplasms
2 creatures vanquished.

Vanquished Creatures (others)
  A yak (D:5)
  A scorpion (D:3)
  A goblin (D:2)
  A hobgoblin (D:2)
  A ball python (D:1)
  3 plants (D:1)
  7 toadstools (D:6)
15 creatures vanquished.

Grand Total: 129 creatures vanquished

Notes
Turn   | Place    | Note
-------+----------+-------------------------------------------
     0 | D:1      | Glokmah the Deep Elf Artificer began the quest for the Orb.
     0 | D:1      | Reached XP level 1. HP: 11/11 MP: 3/3
   503 | D:1      | Reached skill level 1 in Fighting
   514 | D:1      | Reached XP level 2. HP: 12/16 MP: 3/5
   821 | D:1      | Reached skill level 1 in Spellcasting
  1421 | D:1      | Found a faded altar of an unknown god.
  2045 | D:2      | Noticed Robin
  2623 | D:2      | Reached XP level 3. HP: 4/20 MP: 7/7
  3674 | D:2      | Killed Robin
  4120 | D:2      | Reached XP level 4. HP: 25/25 MP: 8/8
  4191 | D:2      | Reached skill level 2 in Spellcasting
  4489 | D:3      | Noticed a scorpion
  4537 | D:3      | Reached XP level 5. HP: 6/30 MP: 10/10
  5532 | D:3      | Reached skill level 3 in Spellcasting
  5656 | D:4      | Noticed Sigmund
  6204 | D:4      | Noticed an ogre
  6217 | D:4      | HP: 1/30 [ogre (6)]
  6221 | D:4      | Killed an ogre
  6222 | D:4      | Reached XP level 6. HP: 2/35 MP: 11/13
  6580 | D:4      | Found a sacrificial altar of Ru.
  6580 | D:4      | Found a radiant altar of Vehumet.
  6587 | D:4      | Became a worshipper of Vehumet
  7335 | D:4      | Killed Sigmund
  7336 | D:4      | Reached skill level 4 in Spellcasting
  7336 | D:4      | Reached skill level 5 in Evocations
  7493 | D:5      | Entered Level 5 of the Dungeon
  7532 | D:5      | Found a sand-covered staircase.
  7536 | Ossuary  | Entered an ossuary
  7595 | Ossuary  | Reached XP level 7. HP: 40/40 MP: 15/15
  7602 | Ossuary  | Reached skill level 1 in Short Blades
  8281 | D:5      | Reached * piety under Vehumet
  8281 | D:5      | Offered knowledge of Shock by Vehumet.
  8284 | D:5      | Learned a level 1 spell: Shock
  8448 | D:5      | Reached skill level 5 in Spellcasting
  8654 | D:5      | Found an opulent altar of Gozag.
  8655 | D:5      | Found a sparkling altar of Nemelex Xobeh.
  8714 | D:5      | Reached skill level 1 in Conjurations
  9120 | D:5      | Reached skill level 1 in Air Magic
  9381 | D:5      | Noticed a yak
  9381 | D:5      | Noticed a yak
  9382 | D:5      | Noticed a yak
 10625 | D:6      | HP: 2/40 [gnoll sergeant (5)]
 10626 | D:6      | Reached XP level 8. HP: 2/45 MP: 11/18
 10891 | D:6      | Reached skill level 5 in Dodging
 10912 | D:6      | Reached skill level 6 in Spellcasting
 11127 | D:6      | Learned a level 3 spell: Call Canine Familiar
 11163 | D:6      | Found a staircase to the Ecumenical Temple.
 11201 | D:6      | Slain by a wyvern zombie

Illustrated notes

Levels and vault maps discovered:
D:1:      heliophobic_arrival_dark_side_of_the_moon, layout_rooms,
          ebering_ecumenical_altar_box, serial_forest,
          infiniplex_forest_clump_long, infiniplex_forest_clump_curved,
          infiniplex_forest_clump_tiny, infiniplex_forest_straight_3,
          infiniplex_forest_end_1, infiniplex_forest_lined_corner,
          infiniplex_forest_end_1
D:2:      layout_loops_ring, uniq_robin
D:3:      layout_basic
D:4:      layout_loops_ring, gammafunk_temple_overflow_pools,
          minmay_misc_feat_cross, chequers_serial_rivers_room_a,
          minmay_misc_feat_chi, uniq_sigmund
D:5:      layout_basic, grunt_temple_overflow_opulence, serial_rivers,
          chequers_serial_rivers_small_a, chequers_serial_rivers_room_b,
          chequers_serial_rivers_room_b, chequers_serial_rivers_small_3,
          chequers_serial_rivers_marsh, enter_ossuary_5, moated_statue
D:6:      cheibrodos_fertilizer, layout_loops_corners, minmay_temple_entry_hall

Skill      XL: |  1  2  3  4  5  6  7  8 |
---------------+-------------------------+-----
Fighting       | 1 2 |  2.9
Spellcasting   | 1 2 3 4 5 6 |  6.0
Dodging        | 3 4 5 |  5.0
Evocations     | 4 5 |  5.2
Stealth        | 2 3 |  3.9
Short Blades   | 2 |  2.7
Conjurations   | 2 |  2.5
Air Magic      | 1 |  1.4
Armour         | |  0.7

Action                   |  1- 3 |  4- 6 |  7- 9 || total
-------------------------+-------+-------+-------++-------
Melee: Dagger            |   193 |   128 |   147 ||   468
       Mace              |     1 |       |       ||     1
       Short sword       |    12 |    12 |       ||    24
 Fire: Hunting sling     |       |    71 |    31 ||   102
Throw: Stone             |     6 |       |       ||     6
 Cast: Shock             |       |       |    78 ||    78
Evoke: Piece from Xom's  |    16 |     6 |     7 ||    29
       Wand              |    13 |     8 |     2 ||    23
  Use: Scroll            |     2 |    10 |     1 ||    13
       Potion            |       |     6 |     5 ||    11
 Stab: Petrified         |     5 |     6 |     6 ||    17
       Confused          |     2 |       |       ||     2
       Sleeping          |     2 |     2 |     1 ||     5
       Distracted        |     1 |       |       ||     1
Armor: Leather armour    |    43 |    58 |    43 ||   144
       Skin              |       |     5 |    46 ||    51
Dodge: Dodged            |   126 |   112 |   100 ||   338

Table legend: (Time is in decaauts)
 A = Elapsed time spent in this place.
 B = Non-inter-level travel time spent in this place.
 C = Inter-level travel time spent in this place.
 D = Time resting spent in this place.
 E = Time spent auto-exploring this place.
 F = Levels seen in this place.
 G = Mean time per level.
                   A        B        C        D        E       F      G
               +--------+--------+--------+--------+--------+-----+--------+
         Total |  11204 |  10754 |    450 |   3841 |   4098 |   7 | 1600.6 |
       Dungeon |  10481 |  10031 |    450 |   3432 |   3981 |   6 | 1746.8 |
       Ossuary |    722 |    722 |      0 |    409 |    117 |   1 |  722.0 |
               +--------+--------+--------+--------+--------+-----+--------+

Top non-repeatable levels by time:
     D:1: 2931 daAuts
     D:2: 1884 daAuts
     D:5: 1552 daAuts
     D:4: 1536 daAuts
     D:6: 1306 daAuts
     D:3: 1271 daAuts
 Ossuary: 722 daAuts
